 Dungeon Crawl Stone Soup version 0.14-b1-15-g43f4bc9 (webtiles) character file.

1586 vladimirc the Ruinous (level 8, 0/62 HPs)
             Began as a Naga Wizard on Apr 2, 2014.
             Killed by divine providence
             ... invoked by an orc priest
              (12 damage)
             ... on Level 6 of the Dungeon.
             The game lasted 00:19:44 (6151 turns).

vladimirc the Ruinous (Naga Wizard)                 Turns: 6151, Time: 00:19:45

HP   0/62        AC  9     Str 13      XL: 8   Next: 58%
MP  16/21        EV  8     Int 23      God:
Gold 278         SH  0     Dex 11 (12) Spells:  4 memorised,  9 levels left

rFire  + . .     SeeInvis +     C - -4,+6 trident "Jouttyej" {freeze, rF+ Int+1}
rCold  . . .     Clarity  .     N - +1 robe {MR+}
rNeg   + . .     Conserve .     (no shield)
rPois  +         rCorr    .     b - +0 hat
rElec  .         rRot     .     y - +0 cloak
SustAb . .       Spirit   .     (no gloves)
rMut   .         Warding  +     S - +0 naga barding
Saprov . . .     Stasis   .     V - amulet of warding
MR     ++...                    P - +3 ring of dexterity
                                L - +4 ring of strength

@: very slow, very resistant to hostile enchantments, stealthy
A: spit poison, see invisible, deformed body, poison resistance, slowness 2, AC
+2
a: Spit Poison


You were on level 6 of the Dungeon.
You were hungry.

You visited 1 branch of the dungeon, and saw 6 of its levels.
You also visited: Sewer.

You collected 366 gold pieces.
You spent 88 gold pieces at shops.

Inventory:

Hand weapons
 h - a +1,+0 dagger of speed
 r - a +0,+0 dagger
 A - a +1,+1 short sword of draining
 C - the cursed -4,+6 trident "Jouttyej" (weapon) {freeze, rF+ Int+1}
   (You found it on level 5 of the Dungeon)

   It has been specially enchanted to freeze those struck by it, causing extra
   injury to most foes and up to double damage against particularly susceptible
   opponents.
   It can also slow down cold-blooded creatures.
   It affects your intelligence (+1).
   It protects you from fire.
   It has a curse placed upon it.
 U - a +0,+3 short sword
 W - a +0,+2 vampiric cutlass
Missiles
 k - 16 darts (quivered)
 s - 4 darts of frost
Armour
 b - a +0 hat (worn)
 y - a +0 cloak (worn)
 N - a +1 robe of magic resistance (worn)
 S - a +0 naga barding (worn)
Magical devices
 Q - a wand of enslavement (5) {unknown}
Comestibles
 d - 3 bread rations
 n - 2 pears
 q - an apple
 w - 5 meat rations
 D - a choko
 T - a cheese
 Z - 6 rotting chunks of gnoll flesh
Scrolls
 e - a scroll of enchant weapon I {unknown}
 l - 3 scrolls of identify
 m - a scroll of noise {unknown}
 t - 4 scrolls of teleportation
 u - 3 scrolls of remove curse
 v - a scroll of fear {unknown}
 x - a scroll of magic mapping {unknown}
 z - 2 scrolls of immolation
 B - a scroll of enchant armour {unknown}
 E - a scroll of random uselessness {unknown}
 G - 2 scrolls of blinking {unknown}
 J - a scroll of recharging
 M - 2 scrolls of amnesia
 O - a scroll of fog {unknown}
 Y - a scroll of enchant weapon II {unknown}
Jewellery
 g - an uncursed amulet of clarity
 L - a +4 ring of strength (left hand)
 P - a +3 ring of dexterity (right hand)
 V - an amulet of warding (around neck)
 X - an uncursed ring of poison resistance
Potions
 f - 2 potions of heal wounds {unknown}
 i - 2 potions of degeneration {unknown}
 j - 3 potions of flight {unknown}
 o - a potion of poison {unknown}
 p - 3 potions of restore abilities {unknown}
 F - a potion of invisibility {unknown}
 H - 2 potions of haste {unknown}
 I - 4 potions of curing
 K - a potion of confusion {unknown}
 R - a potion of berserk rage {unknown}
Books
 c - a book of Minor Magic

   Spells                             Type                      Level
   *Magic Dart                        Conjuration                  1
   *Blink                             Translocation                2
   Call Imp                           Summoning                    2
   Repel Missiles                     Charms/Air                   2
   Slow                               Hexes                        2
   *Conjure Flame                     Conjuration/Fire             3
   *Mephitic Cloud                    Conjuration/Poison/Air       3


   Skills:
 - Level 0.2 Short Blades
 + Level 1.4 Polearms
 - Level 2.0 Dodging
 - Level 4.3 Stealth
 + Level 5.8 Spellcasting
 * Level 7.6 Conjurations
   Level 1.0 Summonings
 + Level 1.6 Translocations
 + Level 0.6 Fire Magic
 - Level 0.3 Poison Magic


You had 9 spell levels left.
You knew the following spells:

 Your Spells              Type           Power        Failure   Level  Hunger
a - Magic Dart            Conj           ####         1%          1    None
c - Mephitic Cloud        Conj/Pois/Air  ###.....     10%         3    ##.....
d - Blink                 Tloc           N/A          10%         2    None
e - Conjure Flame         Conj/Fire      ####....     6%          3    ##.....


Dungeon Overview and Level Annotations

Branches:
Dungeon (6/15)
 Temple: D:4-7

Altars:
Kikubaaqudgha
Makhleb
Nemelex Xobeh
Okawaru

Shops:
D:6 ((([


Innate Abilities, Weirdness & Mutations

You cannot wear boots.
You can spit poison.
Your serpentine skin is tough (AC +2).
You have supernaturally acute eyesight.
Armour fits poorly on your strangely shaped body.
Your system is resistant to poisons.
You cover ground very slowly.


Message History

Something smites you!
You see here a trident.
The orc priest invokes the aid of Beogh against you.
Something smites you!
The orc warrior hits you from afar with a trident!
* * * LOW HITPOINT WARNING * * *
Unknown command.
Casting: Magic Dart
Confirm with . or Enter, or press ? or * to list all spells.
Aiming: Mephitic Cloud
Press: ? - help, Shift-Dir - straight line, f - orc
Aim: an orc, wielding a club and wearing a ring mail The beam explodes into a vile cloud!
The stinking cloud engulfs the orc.
The stinking cloud engulfs the orc warrior.
The stinking cloud engulfs the orc.
The stinking cloud engulfs you!
The orc is engulfed in noxious fumes.
The orc appears confused.
The orc is engulfed in noxious fumes.
The orc appears confused.
The orc priest mumbles some strange prayers to Beogh against you.
Something smites you!
You die...

..####........... .###
##..###..#<#. .. ...
..............
...#+#.#####...........
..........<....###..#.#.
........................
....o§§o....#..###......
#....[o§.....#...........
......o.@)...'.......###.
##+#+###.....#..###⌠.⌠##.
#.#####..# #.∩.#..
#.#......###⌠.⌠#..
###########.......
#....... #....#.#
.......... ###...##.#


You could see an orc warrior, an orc priest and 2 orcs.

Vanquished Creatures
  A water moccasin (D:5)
  An ice beast (D:6)
  A phantom (D:5)
  A giant slug (Sewer)
  Blork the orc (D:4)
  A scorpion (D:4)
  A goliath beetle (D:6)
  A crimson imp (D:6)
  A quasit (D:6)
  4 hounds
  3 orc wizards
  A giant frog skeleton (D:4)
  A centaur skeleton (D:4)
  2 iguanas (D:5)
  A jelly (D:6)
  2 worker ants
  A big kobold skeleton (D:5)
  A hound skeleton (D:4)
  9 gnolls
  2 orc priests (D:5)
  5 adders
  A shadow imp (D:5)
  2 worms
  3 giant mites (D:3)
  7 giant geckos
  2 oozes
  14 orcs
  4 ball pythons
  5 giant cockroaches (D:3)
  11 goblins
  10 hobgoblins
  7 jackals
  21 kobolds
  9 bats
  7 giant newts
  8 rats
152 creatures vanquished.

Notes
Turn   | Place    | Note
--------------------------------------------------------------
     0 | D:1      | vladimirc, the Naga Wizard, began the quest for the Orb.
     0 | D:1      | Reached XP level 1. HP: 15/15 MP: 4/4
   291 | D:1      | Reached XP level 2. HP: 22/22 MP: 0/6
   858 | D:1      | Learned a level 2 spell: Blink
   884 | D:2      | Reached XP level 3. HP: 16/28 MP: 0/8
  1108 | D:2      | Learned a level 3 spell: Mephitic Cloud
  1112 | D:2      | Learned a level 3 spell: Conjure Flame
  1468 | D:2      | Found a burning altar of Makhleb.
  1478 | D:2      | Reached skill level 4 in Stealth
  1478 | D:2      | Reached XP level 4. HP: 10/36 MP: 8/10
  2124 | D:3      | Reached XP level 5. HP: 16/42 MP: 0/12
  2399 | D:3      | Found a glowing drain.
  2497 | Sewer    | Entered a sewer
  2680 | Sewer    | Reached XP level 6. HP: 26/49 MP: 9/15
  3658 | D:4      | Reached skill level 5 in Conjurations
  3680 | D:4      | Noticed Blork the orc
  3691 | D:4      | Killed Blork the orc
  3691 | D:4      | Reached XP level 7. HP: 38/55 MP: 3/17
  3775 | D:4      | Found a sparkling altar of Nemelex Xobeh.
  3779 | D:4      | Found a burning altar of Makhleb.
  3900 | D:4      | Reached skill level 6 in Conjurations
  4213 | D:5      | Entered Level 5 of the Dungeon
  4252 | D:5      | Got a twisted trident
  4277 | D:5      | Reached skill level 5 in Spellcasting
  4307 | D:5      | Identified the cursed -4,+6 trident "Jouttyej" {freeze, rF+ Int+1} (You found it on level 5 of the Dungeon)
  4681 | D:5      | Reached XP level 8. HP: 60/62 MP: 3/20
  4827 | D:5      | Found an iron altar of Okawaru.
  4827 | D:5      | Found an ancient bone altar of Kikubaaqudgha.
  4991 | D:5      | Reached skill level 7 in Conjurations
  5374 | D:6      | Found Cibacoh's Antique Weapon Shop.
  5391 | D:6      | Bought a runed cutlass for 88 gold pieces
  5431 | D:6      | Reached skill level 1 in Polearms
  5634 | D:6      | Found Asacsep's Antique Weapon Emporium.
  5813 | D:6      | Found an ancient bone altar of Kikubaaqudgha.
  6007 | D:6      | Found Buleob's Antique Armour Emporium.
  6115 | D:6      | Found Kohug's Weapon Boutique.
  6151 | D:6      | Killed from afar by an orc priest

Action                   |  1- 3 |  4- 6 |  7- 9 || total
-------------------------+-------+-------+-------++-------
Melee: Unarmed           |     1 |       |       ||     1
       Dagger            |    16 |    19 |     3 ||    38
       Short sword       |       |    10 |     3 ||    13
       Trident           |       |       |    58 ||    58
Throw: Dart              |     2 |     4 |       ||     6
 Cast: Magic Dart        |    80 |   133 |   139 ||   352
       Mephitic Cloud    |       |     8 |     8 ||    16
       Conjure Flame     |       |     1 |     7 ||     8
       Blink             |       |       |     9 ||     9
 Abil: Spit Poison       |    16 |    29 |    22 ||    67
  Use: Scroll            |     1 |     5 |     2 ||     8
       Potion            |       |     2 |       ||     2
 Stab: Sleeping          |     2 |     4 |     4 ||    10
